 Dungeon Crawl Stone Soup version 0.27-a0-170-g607d9e9d85 (webtiles) character file.

Game seed: 1201177993491360697

15 Myro the Skirmisher (level 2, 0/16 HPs)
             Began as a Vine Stalker Fighter on Jan 29, 2021.
             Succumbed to an adder's poison
             ... on level 2 of the Dungeon.
             The game lasted 00:01:06 (135 turns).

Myro the Skirmisher (Vine Stalker Fighter)           Turns: 135, Time: 00:01:07

Health: 0/16       AC:  6    Str: 18    XL:     2   Next: 50%
Magic:  1/3        EV:  7    Int:  8    God:
Gold:   23         SH:  9    Dex: 13    Spells: 1/1 levels left

rFire    . . .     SeeInvis .   a - +0 war axe
rCold    . . .     Faith    .   c - +0 kite shield
rNeg     . . .     Spirit   +   b - +0 scale mail
rPois    .         Reflect  .   (no helmet)
rElec    .         Harm     .   (no cloak)
rCorr    .         Rampage  .   (no gloves)
Will     .....                  (no boots)
Stlth    ..........             (no amulet)
HPRegen  0.05/turn              (no ring)
MPRegen  0.08/turn              (no ring)

@: lethally poisoned (0 -> -11)
A: fangs 2, magic shield, antimagic bite, no potion heal 3
a: no special abilities


You were on level 2 of the Dungeon.
You visited 1 branch of the dungeon, and saw 2 of its levels.

You collected 23 gold pieces.

Inventory:

Hand Weapons
 a - a +0 war axe (weapon)
Armour
 b - a +0 scale mail (worn)
 c - a +0 kite shield (worn)
Scrolls
 e - a scroll of random uselessness {unknown}
 f - a scroll of teleportation {unknown}
Potions
 d - a potion of might


   Skills:
 + Level 2.8 Fighting
 * Level 2.2 Axes
 + Level 2.5 Armour
 + Level 2.8 Shields


You had one spell level left.
You didn't know any spells.
Your spell library was empty.

Dungeon Overview and Level Annotations

Branches:
Dungeon (2/15)

Altars:


Innate Abilities, Weirdness & Mutations

You have extremely sharp teeth.
When hurt, damage is shared between your health and your magic reserves.
Your bite disrupts and absorbs the magic of your enemies.
Potions cannot restore your health.


Message History

Your bite misses the adder. You hit the hobgoblin but do no damage.
* * * LOW HITPOINT WARNING * * *
You feel sick. The adder closely misses you. You block the hobgoblin's attack.
The adder bites you.
* * * LOW HITPOINT WARNING * * *
The hobgoblin barely misses you. The adder barely misses you.
You closely miss the hobgoblin. You bite the hobgoblin. You drain its power.
You feel invigorated.
The hobgoblin is heavily wounded.
You barely miss the adder.
* * * LOW HITPOINT WARNING * * *
You feel sick. The adder barely misses you.
The hobgoblin hits you with a +0 club.
* * * LOW HITPOINT WARNING * * *
The adder bites you.
You are more poisoned.
The adder poisons you!
You barely miss the adder. Your bite misses the adder.
You closely miss the hobgoblin.
You die...

#.# .#.# .#.#####
### .......# ..#
##)###.#########.#
...# #.....#.....#
#### #####.#.##..#
#.#.##..#
#.#.##.@#
#...##Sg#
######... ##.#.
#.#.# #.# . #.. ..
### ##


You could see an adder and a hobgoblin.

Vanquished Creatures
  An adder (D:2)
  A giant cockroach (D:2)
  2 hobgoblins (D:2)
  A bat (D:2)
  A rat (D:2)
6 creatures vanquished.

Notes
Turn   | Place    | Note
-------+----------+-------------------------------------------
     0 | D:1      | Myro the Vine Stalker Fighter began the quest for the Orb.
     0 | D:1      | Reached XP level 1. HP: 11/11 MP: 2/2
    43 | D:2      | Reached XP level 2. HP: 10/16 MP: 3/3
   135 | D:2      | Succumbed to an adder's poison

Illustrated notes

Levels and vault maps discovered:
D:1:      minmay_arrival_three_doors, layout_rooms, minmay_bisected
D:2:      minmay_recursive_quarters, layout_basic, uniq_sigmund

Skill      XL: |  1 |
---------------+----+-----
Axes           | 2 |  2.2
Fighting       | |  2.8
Armour         | |  2.5
Shields        | |  2.8

Action                   || total
-------------------------++-------
Melee: War axe           ||    27
       Bite              ||     5
Armor: Scale mail        ||    16
Dodge: Dodged            ||    13
Block: Kite shield       ||    12

Table legend: (Time is in decaauts)
 A = Elapsed time spent in this place.
 B = Non-inter-level travel time spent in this place.
 C = Inter-level travel time spent in this place.
 D = Time resting spent in this place.
 E = Time spent auto-exploring this place.
 F = Levels seen in this place.
 G = Mean time per level.
                   A        B        C        D        E       F      G
               +--------+--------+--------+--------+--------+-----+--------+
         Total |    151 |    151 |      0 |      0 |      0 |   2 |   75.5 |
       Dungeon |    151 |    151 |      0 |      0 |      0 |   2 |   75.5 |
               +--------+--------+--------+--------+--------+-----+--------+

Top non-repeatable levels by time:
     D:2: 142 daAuts
     D:1: 9 daAuts
